 Dungeon Crawl Stone Soup version 0.20-a0-502-g555d78b (webtiles) character file.

3639 Klosterheim the Cleaver (level 9, -2/85 HPs)
             Began as a Minotaur Berserker on Jan 20, 2017.
             Was an Elder of Trog.
             Slain by a death yak (21 damage)
             ... on level 7 of the Dungeon.
             The game lasted 00:09:42 (5750 turns).

Klosterheim the Cleaver (Minotaur Berserker)        Turns: 5750, Time: 00:09:43

Health: -2/85      AC: 13    Str: 25    XL:     9   Next: 87%
Magic:  17/17      EV:  8    Int:  4    God:    Trog [****..]
Gold:   446        SH:  0    Dex: 10    Spells: 8/8 levels left

rFire    . . .     SeeInvis .   G - +0 battleaxe (curse)
rCold    . . .     Gourm    .   v - +0 plate armour
rNeg     . . .     Faith    +   (shield currently unavailable)
rPois    .         Spirit   .   (helmet restricted)
rElec    .         Reflect  .   t - +0 cloak
rCorr    .         Harm     .   (no gloves)
MR       ++...                  (no boots)
Stlth    ..........             E - amulet of faith
Regen    1.3/turn               w - ring of magical power
                                (no ring)

@: regenerating
A: retaliatory headbutt, horns 2
a: Berserk, Trog's Hand, Brothers in Arms, Burn Spellbooks, Renounce Religion


You were on level 7 of the Dungeon.
You worshipped Trog.
Trog was greatly pleased with you.
You were hungry.

You visited 1 branch of the dungeon, and saw 8 of its levels.

You collected 446 gold pieces.

Inventory:

Hand Weapons
 G - a cursed +0 battleaxe (weapon)
Armour
 t - a +0 cloak (worn)
 v - a +0 plate armour (worn)
Jewellery
 s - an uncursed amulet of regeneration
 w - a ring of magical power (right hand)
 D - an uncursed ring of fire
 E - an amulet of faith (around neck)
 F - an uncursed ring of protection from magic {unknown}
Wands
 g - a wand of confusion (39/48)
 I - a wand of disintegration (12/24)
Scrolls
 b - a scroll of enchant weapon {unknown}
 d - 7 scrolls of identify
 e - 8 scrolls of teleportation
 h - 2 scrolls of recharging
 i - a scroll of enchant armour {unknown}
 l - 2 scrolls of fog
 n - a scroll of magic mapping {unknown}
 x - a scroll of blinking
 y - 2 scrolls of fear {unknown}
 H - a scroll of immolation {unknown}
 K - a scroll of remove curse
Potions
 j - 2 potions of heal wounds
 m - 2 potions of lignification
 p - a potion of magic {unknown}
 q - a potion of might {unknown}
 r - 2 potions of curing {unknown}
 u - a potion of resistance {unknown}
 z - a potion of brilliance {unknown}
 B - 2 potions of haste {unknown}
 C - a potion of ambrosia {unknown}
Comestibles
 a - 5 fruits
 c - 8 bread rations
 f - 3 royal jellies
 k - 2 slices of pizza
 o - 3 meat rations
 A - a beef jerky


   Skills:
 + Level 9.8 Fighting
 * Level 13.1 Axes
 + Level 5.5 Armour
 - Level 3.1 Dodging
 - Level 0.1 Stealth


You had 8 spell levels left.
You didn't know any spells.

Dungeon Overview and Level Annotations

Branches:
Dungeon (8/15)             Temple (0/1) D:6            Lair (0/6) D:8

Altars:
Gozag
Hepliaklqana
Nemelex Xobeh
Ru
Xom

Shops:
D:7 (


Innate Abilities, Weirdness & Mutations

You reflexively headbutt those who attack you in melee.
You have a pair of horns on your head.


Message History

The death yak is severely wounded.
You hit the death yak but do no damage.
The death yak gores you but does no damage.
You slash the death yak!
The death yak is severely wounded.
You slash the death yak! The death yak gores you.
The death yak gores you but does no damage.
The worker ant bites you but does no damage.
The death yak gores you!! The death yak gores you.
The worker ant bites you but does no damage.
The death yak gores you but does no damage.
You climb upwards.
There is a stone staircase leading down here.
The death yak gores you! The death yak gores you!!
* * * LOW HITPOINT WARNING * * *
Your skin crawls.
You feel resistant to hostile enchantments.
You feel quite a bit more hungry. The death yak gores you!!
You die...

#...# #.#..####.)...#...##.#.
##.## #.#............#.###.#. #.#
#..............#.# #.#. #.#
###.#####....#>#.# #.#. #.# #.#
#.#.##.#.###.#. #.# #.#
###.#.##.#.......
#.#######.###.....#..#####.##
#####.)...##....#.....#.######.##
..............YY@................
#########.##.a###..............#.
#.##..###....(#.########.
#.##.a.########.# #.
#.##.#.########.# #.
#.##.#......>...# #.
#.##....######### #. #.##.#...##
#. #.....>.#.# #[


You could see 2 death yaks and a worker ant.

Vanquished Creatures
  A death yak (D:8)
  Prince Ribbit (D:7)
  A wyvern (D:8)
  Edmund (D:4)
  Duvessa (D:4)
  Purgy (D:3)
  3 orc warriors
  An ice beast (D:8)
  4 sky beasts
  A phantom (D:7)
  An ogre (D:6)
  2 centaurs
  Dowan (D:4)
  4 scorpions
  5 wights (D:6)
  A howler monkey (D:7)
  3 crimson imps
  A bullfrog zombie (D:5)
  3 jellies
  5 orc priests
  An orc wizard (D:6)
  A centaur skeleton (D:8)
  2 iguanas
  4 worker ants
  A hound skeleton (D:7)
  7 adders
  A shadow imp (D:5)
  An ooze (D:2)
  3 adder skeletons
  An adder zombie (D:6)
  2 worms
  4 dart slugs
  3 leopard geckos
  29 orcs
  A ball python (D:2)
  2 giant cockroaches
  7 goblins
  5 hobgoblins
  7 jackals (D:6)
  6 quokkas
  14 bats
  2 frilled lizards
  A jackal zombie (D:6)
  7 kobolds
  8 rats
161 creatures vanquished.

Notes
Turn   | Place    | Note
-------+----------+-------------------------------------------
     0 | D:1      | Klosterheim the Minotaur Berserker began the quest for the Orb.
     0 | D:1      | Reached XP level 1. HP: 19/19 MP: 0/0
   137 | D:1      | Reached XP level 2. HP: 19/27 MP: 1/1
   209 | D:1      | Reached skill level 4 in Axes
   454 | D:1      | Reached ** piety under Trog
   601 | D:1      | Reached XP level 3. HP: 33/33 MP: 2/2
  1324 | D:2      | Reached XP level 4. HP: 23/40 MP: 3/3
  1754 | D:3      | Reached skill level 5 in Axes
  2002 | D:3      | Noticed Purgy
  2011 | D:3      | Killed Purgy
  2011 | D:3      | Reached skill level 5 in Fighting
  2011 | D:3      | Reached XP level 5. HP: 48/48 MP: 4/4
  2294 | D:3      | Reached skill level 6 in Axes
  2421 | D:4      | Noticed Duvessa
  2423 | D:4      | Noticed Dowan
  2428 | D:4      | Killed Duvessa
  2428 | D:4      | Reached XP level 6. HP: 56/56 MP: 5/5
  2432 | D:4      | Killed Dowan
  2432 | D:4      | Reached skill level 7 in Axes
  2475 | D:4      | Found an opulent altar of Gozag.
  2659 | D:4      | Noticed Edmund
  2668 | D:4      | Killed Edmund
  2668 | D:4      | Reached skill level 8 in Axes
  2668 | D:4      | Reached XP level 7. HP: 63/63 MP: 6/6
  2820 | D:4      | Found a hazy altar of Hepliaklqana.
  2820 | D:4      | Found a sparkling altar of Nemelex Xobeh.
  3157 | D:5      | Entered Level 5 of the Dungeon
  3166 | D:5      | Reached *** piety under Trog
  3324 | D:5      | Found a shimmering altar of Xom.
  3378 | D:5      | Reached skill level 9 in Axes
  3447 | D:5      | Reached XP level 8. HP: 20/73 MP: 7/7
  3852 | D:6      | Reached skill level 10 in Axes
  3880 | D:6      | Got a brightly glowing whip
  3881 | D:6      | Identified the +3 whip of Debt {slash, *Slow Dex+7 Stlth+} (You found it on level 6 of the Dungeon)
  3885 | D:6      | Found a sacrificial altar of Ru.
  4033 | D:6      | Found a staircase to the Ecumenical Temple.
  4087 | D:6      | Reached skill level 11 in Axes
  4212 | D:6      | Reached **** piety under Trog
  4260 | D:6      | Reached XP level 9. HP: 44/82 MP: 8/8
  4868 | D:7      | Reached skill level 12 in Axes
  5152 | D:7      | Noticed Prince Ribbit
  5166 | D:7      | Found Tologaot's Antique Weapon Shoppe.
  5309 | D:7      | Killed Prince Ribbit
  5561 | D:8      | Noticed a death yak
  5562 | D:8      | Found a staircase to the Lair.
  5563 | D:8      | Noticed a death yak
  5564 | D:8      | Noticed a death yak
  5603 | D:8      | Killed a death yak
  5603 | D:8      | Reached skill level 13 in Axes
  5603 | D:8      | Reached skill level 5 in Armour
  5750 | D:7      | Slain by a death yak

Vault maps used:
D:1:      lightli_arrival_statue_moat, grunt_decor_arrowhead
D:3:      uniq_purgy
D:4:      gammafunk_temple_overflow_wave, grunt_gozag_statues, uniq_duvessa,
          uniq_edmund
D:5:      lemuel_doored_altar, first_bread
D:6:      old_standard_altar, kennysheep_small_circle
D:7:      serial_shops, shop, uniq_prince_ribbit1
D:8:      overflow_temple_1_default, dpeg_lair_monsters

Skill      XL: |  1  2  3  4  5  6  7  8  9 |
---------------+----------------------------+-----
Axes           | 4 5 6 8 9 11 13 | 13.1
Fighting       | 4 5 6 7 8 9 |  9.8
Dodging        | 3 |  3.1
Armour         | 5 |  5.5
Stealth        | |  0.1

Action                   |  1- 3 |  4- 6 |  7- 9 || total
-------------------------+-------+-------+-------++-------
Melee: Hand axe          |    81 |    43 |       ||   124
       Headbutt          |     8 |    22 |    42 ||    72
       War axe           |       |    52 |   130 ||   182
       Battleaxe         |       |       |    99 ||    99
Invok: Berserk           |     1 |     3 |       ||     4
       Trog's Hand       |       |       |     3 ||     3
  Use: Scroll            |       |       |     9 ||     9
       Potion            |       |       |     1 ||     1
  Eat: Chunk             |     1 |     7 |    11 ||    19
Armor: Animal skin       |    25 |     6 |       ||    31
       Scale mail        |       |    31 |    40 ||    71
       Chain mail        |       |       |     6 ||     6
       Plate armour      |       |       |    43 ||    43
Dodge: Dodged            |    45 |    44 |   101 ||   190
